 Dungeon Crawl Stone Soup version 0.30-a0-329-g85436e0a43 (webtiles) character file.

Game seed: 2018585943085556205

375 Lobster4 the Trooper (level 7, -2/55 HPs)
             Began as a Human Berserker on Oct 28, 2022.
             Was an Elder of Trog.
             Slain by a mummy (14 damage)
             ... in an ossuary.
             The game lasted 00:10:54 (3144 turns).

Lobster4 the Trooper (Human Berserker)              Turns: 3144, Time: 00:10:54

Health: -2/55      AC:  7    Str: 19    XL:     7   Next: 3%
Magic:  7/7        EV: 11    Int:  8    God:    Trog [****..]
Gold:   239        SH:  0    Dex: 18    Spells: 6/6 levels left

rFire   + . .      SeeInvis .    a - +0 war axe (flame)
rCold   + . .      Faith    +    (no shield)
rNeg    + . .      Spirit   .    n - +0 scale mail
rPois   +          Reflect  .    (no helmet)
rElec   +          Harm     .    (no cloak)
rCorr   +          Rampage  .    (no gloves)
Will    .....                    (no boots)
Stlth   ..........               q - amulet of faith
HPRegen 0.29/turn                j - +6 ring of dexterity
MPRegen 0.10/turn                p - ring of positive energy

@: resistant
A: no striking features
a: Renounce Religion, Berserk, Trog's Hand, Brothers in Arms


You were in an ossuary.
You worshipped Trog.
Trog was greatly pleased with you.
You visited 1 branch of the dungeon, and saw 4 of its levels.
You also visited: Ossuary.

You collected 239 gold pieces.

Inventory:

Hand Weapons
 a - a +0 war axe of flaming (weapon)
 b - a +0 sling
 s - a +3 whip
 v - a +0 falchion
Missiles
 d - 21 stones (quivered)
Armour
 e - a +0 ring mail
 n - a +0 scale mail (worn)
Jewellery
 j - a +6 ring of dexterity (left hand)
 p - a ring of positive energy (right hand)
 q - an amulet of faith (around neck)
Scrolls
 c - 2 scrolls of immolation {unknown}
 g - a scroll of enchant armour {unknown}
 i - a scroll of amnesia {unknown}
 w - a scroll of silence {unknown}
 x - a scroll of poison {unknown}
 y - a scroll of blinking {unknown}
Potions
 f - 4 potions of might {unknown}
 m - 3 potions of heal wounds {unknown}
 o - a potion of cancellation
 r - a potion of flight
 t - 2 potions of haste {unknown}


   Skills:
 + Level 4.5 Fighting
 - Level 4.0 Long Blades
 + Level 2.5(2.6) Axes
 - Level 0.4(1.6) Maces & Flails
 + Level 3.8 Armour
 - Level 3.0 Dodging


You had 6 spell levels left.
You didn't know any spells.
Your spell library was empty.

Dungeon Overview and Level Annotations

Branches:
Dungeon (4/15)            Ossuary (1/1)
 Temple: D:4-7

Altars:
Gozag
The Shining One

Annotations:
D:2 1 runed translucent door, Crazy Yiuf


Message History

Menkaure gestures wildly while chanting.
Menkaure seems to speed up.
You open the door.
Menkaure's bandages flutter.
There is an open door here.
As you close the door, it creaks loudly!
Something unseen opens the door.
Okay, then.
Okay, then.
Unknown command.
You feel protected.
Unknown command.
Menkaure calls on the powers of darkness!
Your body is wracked with pain!
Menkaure calls on the powers of darkness!
Your body is wracked with pain!
You hit Menkaure but do no damage. You punch Menkaure, but do no damage.
Menkaure calls on the powers of darkness!
Your body is wracked with pain!
* * * LOW HITPOINT WARNING * * *
Menkaure closely misses you.
You hit Menkaure but do no damage. Menkaure barely misses you.
You feel better. Menkaure casts a spell at you. Pain shoots through your body!
* * * LOW HITPOINT WARNING * * *
You hit Menkaure but do no damage. Menkaure hits you.
* * * LOW HITPOINT WARNING * * *
Menkaure gestures at you while chanting.
You struggle to resist.
You slash Menkaure! You burn Menkaure.
Menkaure is severely damaged.
You hit the mummy. You burn the mummy. Menkaure barely misses you.
The mummy barely misses you. Menkaure closely misses you.
You slash Menkaure! You burn Menkaure.
You destroy Menkaure!
Trog accepts your kill.
Trog appreciates your killing of a magic user.
You slash the mummy! You burn the mummy. The mummy hits you!
You die... ...#....#....'.#..# ##############.#..# ..... #....###..# .....M#....#.'..# ?M?..M'MM..'.#..# ?$=!..#....#.#..# $∩$!. ########..# ?$?!

#....'.'.M# !?!
#....#.#@.# ..
#....#.#..# .
#....###..#
##############.'..#
...#....#....'.#..#
...#....#....#.#..#
...#....#....###..#
...#....#....#.'..#
#'##'#########.#..#


You could see a mummy.

Vanquished Creatures
  Menkaure (Ossuary)
  2 centaur zombies (Ossuary)
  An orc priest (D:3)
  2 hounds
  An orc wizard (D:3)
  3 ogre zombies (Ossuary)
  2 mummies (Ossuary)
  4 adders
  2 adder zombies (Ossuary)
  A worm (D:4)
  7 orcs
  2 bats
  2 endoplasms
  3 giant cockroaches
  2 gnoll zombies (Ossuary)
  3 goblins
  7 hobgoblins
  A kobold (D:1)
  3 quokkas (D:1)
  3 ball pythons
  5 frilled lizards
  3 goblin zombies (Ossuary)
  5 hobgoblin zombies (Ossuary)
  5 kobold zombies (Ossuary)
  5 quokka zombies (Ossuary)
  6 rats
  3 rat zombies (Ossuary)
84 creatures vanquished.

Vanquished Creatures (others)
  4 toadstools (D:2)
4 creatures vanquished.

Grand Total: 88 creatures vanquished

Notes
Turn   | Place    | Note
-------+----------+-------------------------------------------
     0 | D:1      | Lobster4 the Human Berserker began the quest for the Orb.
     0 | D:1      | Reached XP level 1. HP: 18/18 MP: 1/1
    90 | D:1      | Reached XP level 2. HP: 24/24 MP: 2/2
   206 | D:1      | Found a faded altar of an unknown god.
   501 | D:1      | Reached XP level 3. HP: 25/29 MP: 3/3
   962 | D:2      | Reached ** piety under Trog
  1571 | D:2      | Found a runed translucent door.
  1572 | D:2      | Noticed Crazy Yiuf
  1883 | D:3      | Reached XP level 4. HP: 35/35 MP: 4/4
  2086 | D:3      | Reached XP level 5. HP: 27/42 MP: 5/5
  2166 | D:3      | Reached skill level 1 in Axes
  2224 | D:3      | Found a glowing golden altar of the Shining One.
  2428 | D:3      | Found an opulent altar of Gozag.
  2573 | D:4      | Reached XP level 6. HP: 48/48 MP: 6/6
  2634 | D:4      | Noticed a black bear
  2651 | D:4      | Found a sand-covered staircase.
  2656 | Ossuary  | Entered an ossuary
  2664 | Ossuary  | Reached *** piety under Trog
  3003 | Ossuary  | Reached XP level 7. HP: 51/55 MP: 7/7
  3054 | Ossuary  | Reached **** piety under Trog
  3118 | Ossuary  | Noticed Menkaure
  3144 | Ossuary  | Killed Menkaure
  3144 | Ossuary  | Slain by a mummy

Illustrated notes

Levels and vault maps discovered:
D:1:      dpeg_arrival_erosion, layout_loops_cross,
          chequers_ecumenical_altar_simple_redux, minmay_misc_feat_plants,
          minmay_misc_feat_secret_circle, hangedman_glass_teeth
D:2:      layout_basic, minmay_gold_behind_fungi, uniq_crazy_yiuf_cottage
D:3:      layout_rooms, nicolae_gozag_cash_rules_everything_around_me,
          tso_oasis_becter
D:4:      cheibrodos_greedy_goblins, layout_cave_pools,
          nicolae_qazlal_style_of_elements, mainiacjoe_overflow_six_doors_small,
          nicolae_ossuary_entry_plus, uniq_robin
Ossuary:  ossuary_boxes_badplayer

Skill      XL: |  1  2  3  4  5  6 |
---------------+-------------------+-----
Axes           | 1 2 |  2.5
Armour         | 3 |  3.8
Dodging        | 3 |  3.0
Fighting       | 4 |  4.5
Long Blades    | 4 |  4.0
Maces & Flails | |  0.4

Action                   |  1- 3 |  4- 6 |  7- 9 || total
-------------------------+-------+-------+-------++-------
Melee: Falchion          |    93 |     8 |       ||   101
       War axe           |       |   139 |    19 ||   158
       Punch             |       |     3 |     1 ||     4
Throw: Stone             |     4 |       |       ||     4
  Use: Scroll            |       |     6 |       ||     6
       Potion            |       |       |     2 ||     2
 Stab: Sleeping          |     1 |       |       ||     1
Armor: Animal skin       |     1 |       |       ||     1
       Ring mail         |    17 |       |       ||    17
       Scale mail        |    17 |    57 |     6 ||    80
Dodge: Dodged            |    62 |    75 |     8 ||   145

Table legend: (Time is in decaauts)
 A = Elapsed time spent in this place.
 B = Non-inter-level travel time spent in this place.
 C = Inter-level travel time spent in this place.
 D = Time resting spent in this place.
 E = Time spent auto-exploring this place.
 F = Levels seen in this place.
 G = Mean time per level.
                   A        B        C        D        E       F      G
               +--------+--------+--------+--------+--------+-----+--------+
         Total |   3221 |   3125 |     96 |    170 |   2097 |   5 |  644.2 |
       Dungeon |   2693 |   2597 |     96 |    170 |   1882 |   4 |  673.2 |
       Ossuary |    527 |    527 |      0 |      0 |    215 |   1 |  527.0 |
               +--------+--------+--------+--------+--------+-----+--------+

Top non-repeatable levels by time:
     D:2: 1255 daAuts
     D:1: 780 daAuts
     D:3: 553 daAuts
 Ossuary: 527 daAuts
     D:4: 104 daAuts
